AoeStats
← Hero_A

Migration

509451577Analyzed
1v1 RM · 5d ago on Sep 26, 2026· 41m 53s· 2 players
Game mode
Random Map
Map size
132×132
Population
200
Speed
Normal
Resources
Standard
Victory
Conquest
Starting age
Dark Age
Ending age
Imperial Age
RankedLock teamsTeams togetherTeam positionsShared explorationLock speedFull tech treeHidden civsTurbo modeCheats
Victory
Defeat
🇪🇬 Vikings · Egypt
1044
+17
🇺🇸 Portuguese · United States
1057
-17
LemanRuss
5:09 Loom
12:47 Feudal Age
14:39 Fishing Lines
17:31 Castle Age
16:03 Double-Bit Axe
23:26 Gillnets
25:40 Scale Mail Armor
25:45 Squires
25:57 Horse Collar
27:03 Forging
27:09 Chain Mail Armor
27:57 Bow Saw
33:24 Imperial Age
31:28 Arson
31:39 Stone Mining
31:40 Gold Mining
35:11 Conscription
36:02 Gold Shaft Mining
38:26 Elite Varangian Guard
41:08 Chieftains
41:30 Conscription
41:54 Iron Casting
41:50 Plate Mail Armor
Hero_A
11:41 Feudal Age
9:58 Loom
16:02 Castle Age
15:31 Bloodlines
15:28 Double-Bit Axe
16:41 Forging
16:58 Husbandry
16:35 Light Cavalry
19:49 Fervor
25:21 Fletching
27:31 Murder Holes
32:00 Imperial Age
39:54 Cavalier
41:41 Iron Casting
41:12 Scale Barding Armor
Connection lost

Rejoining the realm…

Still unreachable

The connection could not be restored.

Session expired

The server has moved on; the page needs a fresh start.